 Dungeon Crawl Stone Soup version 0.27.1-34-g3ba077fa99 (webtiles) character file.

Game seed: 6068453784600295604

14 Descartes the Grasshopper (level 2, 0/22 HPs)
             Began as a Formicid Warper on Jan 16, 2022.
             Was a Follower of Trog.
             Slain by a goblin (2 damage)
             ... on level 2 of the Dungeon.
             The game lasted 00:02:27 (1160 turns).

Descartes the Grasshopper (Formicid Warper)         Turns: 1160, Time: 00:02:27

Health: 0/22       AC:  4    Str: 15    XL:     2   Next: 55%
Magic:  5/5        EV: 11    Int: 12    God:    Trog [*.....]
Gold:   67         SH:  0    Dex: 10    Spells: 5/5 levels left

rFire    . . .     SeeInvis +   a - +0 mace
rCold    + . .     Faith    .   (no shield)
rNeg     . . .     Spirit   .   k - +1 leather armour {rC+}
rPois    .         Reflect  .   (helmet unavailable)
rElec    .         Harm     .   (no cloak)
rCorr    .         Rampage  .   (no gloves)
Will     .....                  (no boots)
Stlth    +.........             (no amulet)
HPRegen  0.07/turn              (no ring)
MPRegen  0.09/turn              (no ring)

@: no status effects
A: permanent stasis, dig shafts and tunnels, antennae 3, four strong arms
a: Dig, Shaft Self, Renounce Religion


You were on level 2 of the Dungeon.
You worshipped Trog.
Trog was aware of your devotion.
You visited 1 branch of the dungeon, and saw 2 of its levels.

You collected 67 gold pieces.

Inventory:

Hand Weapons
 a - a +0 mace (weapon)
 f - a +0 long sword of holy wrath
Missiles
 c - 5 boomerangs of dispersal (quivered)
 d - 45 stones
Armour
 b - a +0 leather armour
 k - a +1 leather armour of cold resistance (worn)
Scrolls
 e - 4 scrolls of identify {unknown}
 j - a scroll of vulnerability {unknown}
Potions
 g - a potion of magic {unknown}
 h - 2 potions of curing {unknown}
 i - a potion of brilliance {unknown}
 l - a potion of resistance {unknown}


   Skills:
 - Level 2.1 Fighting
 - Level 2.0 Maces & Flails
 - Level 1.0 Throwing
 + Level 2.6 Armour
 - Level 1.7 Dodging
 - Level 2.1 Spellcasting
 - Level 2.7 Translocations


You had 5 spell levels left.
You didn't know any spells.
Your spell library contained the following spells:

 Spells                   Type           Power      Damage    Failure   Level
 Beastly Appendage        Tmut           2%         N/A       32%         1
 Gell's Gravitas          Tloc           3%         N/A       32%         3
 Lesser Beckoning         Tloc           3%         N/A       32%         3
 Teleport Other           Tloc           7%         N/A       32%         3
 Wereblood                Tmut           1%         N/A       45%         2
 Spider Form              Tmut/Pois      0%         N/A       69%         3
 Manifold Assault         Tloc           7%         N/A       96%         5
 Blink                    Tloc           Unusable   N/A       N/A         2

Dungeon Overview and Level Annotations

Branches:
Dungeon (2/15)

Altars:
Trog

Annotations:
D:2 Sigmund


Innate Abilities, Weirdness & Mutations

You cannot be hasted, slowed, berserked, paralysed or teleported.
You can dig through walls and to a lower floor.
You have a pair of large antennae on your head. (SInv)
Your four strong arms can wield two-handed weapons with a shield.


Message History

A goblin comes into view. It is wielding a +0 club.
The goblin shouts!
Sigmund hits you with a +0 scythe!
You hit Sigmund but do no damage. Sigmund closely misses you.
You barely miss Sigmund. Sigmund barely misses you.
You closely miss Sigmund. The goblin closely misses you.
Sigmund completely misses you.
You hit Sigmund.
Sigmund is lightly wounded.
The goblin closely misses you. The goblin hits you with a +0 club.
Sigmund barely misses you.
You are too injured to fight recklessly!
You are too injured to fight recklessly!
You are too injured to fight recklessly!
You are too injured to fight recklessly!
You are too injured to fight recklessly!
You are too injured to fight recklessly!
You are too injured to fight recklessly!
You are too injured to fight recklessly!
You are too injured to fight recklessly!
You are too injured to fight recklessly!
You are too injured to fight recklessly!
You are too injured to fight recklessly!
You are too injured to fight recklessly!
You are too injured to fight recklessly!
You are too injured to fight recklessly!
You are too injured to fight recklessly!
You are too injured to fight recklessly!
You barely miss Sigmund.
Sigmund is lightly wounded.
The goblin closely misses you.
Okay, then.
Sigmund hits you from afar with a +0 scythe!
Ouch! That really hurt!
* * * LOW HITPOINT WARNING * * *
Sigmund laughs darkly.
Sigmund says, "Look into my eyes."
There is a stone staircase leading up here.
The goblin hits you with a +0 club.
You die...

........###.###########......#
....... #...............####
....... ##...............#
....... ................#
....... #............###
....... #..........### .......
#.....@....##### ..####
#....g.........# ###
#....@..........{ #
########........ ###.........
###### ########...........
...... .........##........
##### ######..##........
###############.###........
................# ##.......
################# #.....#


You could see Sigmund and a goblin.

Vanquished Creatures
  A dart slug (D:2)
  3 endoplasms
  A hobgoblin (D:1)
  A kobold (D:1)
  A ball python (D:1)
  2 frilled lizards (D:1)
  3 rats (D:1)
12 creatures vanquished.

Notes
Turn   | Place    | Note
-------+----------+-------------------------------------------
     0 | D:1      | Descartes the Formicid Warper began the quest for the Orb.
     0 | D:1      | Reached XP level 1. HP: 16/16 MP: 3/3
    81 | D:1      | Found a faded altar of an unknown god.
    92 | D:1      | Became a worshipper of Trog the Wrathful
    92 | D:1      | Reached * piety under Trog
   487 | D:1      | Reached XP level 2. HP: 18/22 MP: 5/5
  1134 | D:2      | Noticed Sigmund
  1143 | D:2      | HP: 1/22 [Sigmund (11)]
  1160 | D:2      | Slain by a goblin

Illustrated notes

Levels and vault maps discovered:
D:1:      eino_arrival_druids_welcome, layout_basic,
          hellmonk_ecumenical_altar_run_dry
D:2:      layout_rooms, uniq_robin, uniq_crazy_yiuf_cottage, uniq_sigmund

Skill      XL: |  1 |
---------------+----+-----
Armour         | 2 |  2.6
Fighting       | |  2.1
Maces & Flails | |  2.0
Throwing       | |  1.0
Dodging        | |  1.7
Spellcasting   | |  2.1
Translocations | |  2.7

Action                   || total
-------------------------++-------
Melee: Mace              ||    36
Armor: Leather armour    ||    13
Dodge: Dodged            ||    24
